 Dungeon Crawl Stone Soup version 0.23-b1 (webtiles) character file.

Game seed: 8197836161386367346

264 Korosensei the Grave Robber (level 5, -8/42 HPs)
             Began as a Deep Dwarf Necromancer on Jan 30, 2019.
             Mangled by an ice beast (11 damage)
             ... on level 5 of the Dungeon.
             The game lasted 00:14:07 (5212 turns).

Korosensei the Grave Robber (DDNe)                  Turns: 5212, Time: 00:14:07

Health: -8/42      AC:  2    Str: 12    XL:     5   Next: 98%
Magic:  4/11       EV: 12    Int: 16    God:
Gold:   260        SH:  0    Dex: 13    Spells: 8/12 levels left

rFire    . . .     SeeInvis .   r - +0 mace
rCold    . . .     Gourm    .   (no shield)
rNeg     . . .     Faith    .   a - +0 robe
rPois    .         Spirit   .   (no helmet)
rElec    .         Reflect  .   (no cloak)
rCorr    .         Harm     .   (no gloves)
MR       .....                  (no boots)
Stlth    ++........             (no amulet)
HPRegen  0.00/turn              (no ring)
MPRegen  0.12/turn              (no ring)

@: non-regenerating
A: damage resistance, heal wounds, sense surroundings 1, no regeneration
a: Heal Wounds


You were on level 5 of the Dungeon.
You were not hungry.

You visited 1 branch of the dungeon, and saw 5 of its levels.

You collected 260 gold pieces.

Inventory:

Hand Weapons
 k - a +0 dagger
 r - a +0 mace (weapon)
Armour
 a - a +0 robe (worn)
 l - a +0 plate armour
Jewellery
 f - a cursed -2 ring of dexterity {unknown}
 v - an uncursed ring of flight {unknown}
Wands
 p - a wand of digging (6)
Scrolls
 b - 8 scrolls of identify {unknown}
 d - a scroll of amnesia {unknown}
 g - 2 scrolls of noise {unknown}
 h - 3 scrolls of remove curse {unknown}
 j - 2 scrolls of enchant armour {unknown}
 m - 6 scrolls of teleportation {unknown}
 u - a scroll of fear {unknown}
Potions
 e - a potion of berserk rage {unknown}
 i - 2 potions of mutation {unknown}
 n - a potion of heal wounds {unknown}
 o - a potion of ambrosia {unknown}
 q - 3 potions of curing {unknown}
 s - a potion of agility {unknown}
 t - 2 potions of lignification {unknown}
Comestibles
 c - 8 rations


   Skills:
 - Level 2.1 Dodging
 - Level 2.4 Stealth
 + Level 4.0 Spellcasting
 + Level 6.3 Necromancy


You had 8 spell levels left.
You knew the following spells:

 Your Spells              Type           Power        Failure   Level  Hunger
a - Pain                  Necr           ###.         1%          1    None
b - Vampiric Draining     Necr           ###.......   3%          3    ###....

Your spell library contained the following spells:

 Spells                   Type           Power        Failure   Level  Hunger
 Animate Skeleton         Necr           N/A          1%          1    None
 Animate Dead             Necr           N/A          12%         4    ####...
 Summon Small Mammal      Summ           #...         17%         1    None
 Call Imp                 Summ           #.......     26%         2    ##.....
 Call Canine Familiar     Summ           #.......     45%         3    ###....
 Summon Guardian Golem    Hex/Summ       #.......     45%         3    ###....
 Summon Ice Beast         Ice/Summ       #.......     86%         4    ####...
 Summon Lightning Spire   Summ/Air       #.......     86%         4    ####...
 Regeneration             Chrm/Necr      Unusable     N/A         3    N/A

Dungeon Overview and Level Annotations

Branches:
Dungeon (5/15)
 Temple: D:4-7

Altars:

Annotations:
D:3 Sigmund
D:5 2 runed translucent doors, Jakon's ghost, amateur MiFi


Innate Abilities, Weirdness & Mutations

You are resistant to damage.
You can heal yourself by infusing magical energy.
You passively map a small area around you.
You do not regenerate.


Message History

The ice beast freezes you!
* * * LOW HITPOINT WARNING * * *
Casting: Pain (safe; 1% risk of failure)
Confirm with . or Enter, or press ? or * to list all spells.
Aiming: Pain (safe; 1% risk of failure)
Press: ? - help, Shift-Dir - straight line, f/p - ice beast
Aim: an ice beast (moderately wounded, chance to defeat MR: 83%)
The ice beast writhes in agony!
The ice beast hits you.
* * * LOW HITPOINT WARNING * * *
The ice beast freezes you!
* * * LOW HITPOINT WARNING * * *
Casting: Pain (safe; 1% risk of failure)
Confirm with . or Enter, or press ? or * to list all spells.
Aiming: Pain (safe; 1% risk of failure)
Press: ? - help, Shift-Dir - straight line, f/p - ice beast
Aim: an ice beast (heavily wounded, chance to defeat MR: 83%)
The ice beast writhes in agony.
The ice beast hits you.
* * * LOW HITPOINT WARNING * * *
The ice beast freezes you!
You die...

, # #..* ,.. #.
... * , #.
##.##.# # #.#
###...#.#######
#...##.# ,
....Y..........
.a.....+ , * #.#
** * (..>...#
*#.# .#.##### ,
#Y# * , * ###@#
* * #+# #...# *,
, #.# #.### #.#
#.# *
##.##########.#
*,
##...#.........#
* * ,
#.........######
* .#...#.##.#
.##.##.##.#
######


You could see an ice beast.

Vanquished Creatures
  2 jellies (D:4)
  An orc wizard (D:4)
  5 adders
  6 oozes (D:4)
  An adder skeleton (D:5)
  2 worms (D:4)
  2 dart slugs
  A leopard gecko (D:1)
  6 orcs
  7 bats
  10 goblins
  8 hobgoblins
  2 quokkas
  6 frilled lizards
  14 kobolds
  5 rats
78 creatures vanquished.

Vanquished Creatures (others)
  6 fungi (D:4)
  6 toadstools (D:4)
12 creatures vanquished.

Grand Total: 90 creatures vanquished

Notes
Turn   | Place    | Note
-------+----------+-------------------------------------------
     0 | D:1      | Korosensei the Deep Dwarf Necromancer began the quest for
                  | the Orb.
     0 | D:1      | Reached XP level 1. HP: 15/15 MP: 3/3
   313 | D:1      | Reached XP level 2. HP: 8/22 MP: 0/5
  1455 | D:2      | Reached skill level 5 in Necromancy
  1477 | D:2      | Reached XP level 3. HP: 9/28 MP: 0/6
  1482 | D:2      | Learned a level 3 spell: Vampiric Draining
  2318 | D:3      | Noticed Sigmund
  2603 | D:3      | Reached XP level 4. HP: 34/36 MP: 3/8
  3469 | D:4      | Reached XP level 5. HP: 18/42 MP: 0/9
  4360 | D:5      | Entered Level 5 of the Dungeon
  4529 | D:4      | Reached skill level 6 in Necromancy
  5106 | D:5      | Found a large runed translucent door.
  5106 | D:5      | Found a large runed translucent door.
  5106 | D:5      | Noticed Jakon's ghost (amateur MiFi)
  5202 | D:5      | Noticed an ice beast
  5212 | D:5      | Mangled by an ice beast

Skill      XL: |  1  2  3  4  5 |
---------------+----------------+-----
Spellcasting   | 2 3 4 |  4.0
Necromancy     | 5 6 |  6.3
Dodging        | |  2.1
Stealth        | |  2.4

Action                   |  1- 3 |  4- 6 || total
-------------------------+-------+-------++-------
Melee: Unarmed           |    13 |       ||    13
       Mace              |       |     8 ||     8
 Cast: Pain              |    66 |    64 ||   130
       Vampiric Draining |    13 |    26 ||    39
 Stab: Distracted        |       |     1 ||     1
  Eat: Chunk             |     7 |     5 ||    12
       Ration            |       |     2 ||     2
Armor: Robe              |    14 |     7 ||    21
Dodge: Dodged            |    38 |    29 ||    67
